 Dungeon Crawl Stone Soup version 0.31-a0-161-gb58dd9be76 (webtiles) character file.

Game seed: 17244870816397041080

28 Moral the Cutter (level 3, -40/20 (22) HPs)
             Began as a Kobold Gladiator on June 13, 2023.
             Killed by an exploding kobold (48 damage)
             ... ignited by their inner flame
             ... on level 1 of the Dungeon.
             The game lasted 00:03:02 (1029 turns).

Moral the Cutter (Kobold Gladiator)                 Turns: 1029, Time: 00:03:03

HP:   -40/20 (22)   AC:  4    Str: 11    XL:     3   Next: 27%
MP:   3/3           EV: 15    Int:  9    God:
Gold: 74            SH:  0    Dex: 18    Spells: 2/2 levels left

rFire   . . .        a - +0 rapier (heavy)
rCold   . . .        (no shield)
rNeg    . . .        b - +0 leather armour
rPois   .            c - +0 helmet
rElec   .            (no cloak)
rCorr   .            (no gloves)
SInv    .            (no boots)
Will    .....        (no amulet)
Stlth   +++          (no ring)
HPRegen 0.23/turn    (no ring)
MPRegen 0.08/turn

%: no passive effects
@: drained
A: small, no large weapons, nightstalker 3
a: no special abilities


You were on level 1 of the Dungeon.
You visited 1 branch of the dungeon, and saw 2 of its levels.

You collected 74 gold pieces.

Inventory:

Hand Weapons
 a - a +0 heavy rapier (weapon)
Armour
 b - a +0 leather armour (worn)
 c - a +0 helmet (worn)
Jewellery
 h - a ring of willpower


   Skills:
 + Level 2.5 Fighting
 * Level 4.6 Short Blades
 - Level 2.1 Throwing
 + Level 3.9 Dodging
 * Level 2.1 Stealth


You had 2 spell levels left.
You didn't know any spells.
Your spell library was empty.

Dungeon Overview and Level Annotations

Branches:
Dungeon (2/15)

Altars:


Innate Abilities, Weirdness & Mutations

You are small and have problems with some larger weapons.
You are completely attuned to the shadows.


Message History

* * * LOW HITPOINT WARNING * * *
The kobold hits you but does no damage. The frilled lizard barely misses you.
You closely miss the frilled lizard. The hobgoblin hits you.
* * * LOW HITPOINT WARNING * * *
The kobold misses you. The frilled lizard misses you.
As you read the scroll labelled IVVAIN MEAHEU, it crumbles to dust.
Your body is wracked with pain!
* * * LOW HITPOINT WARNING * * *
The hobgoblin convulses!
It was a scroll of torment.
The hobgoblin barely misses you. The kobold closely misses you.
The frilled lizard bites you but does no damage.
Okay, then.
As you read the scroll labelled SULLO USOTAYG, it crumbles to dust.
The creatures around you are filled with an inner flame!
It was a scroll of immolation.
The hobgoblin barely misses you. The kobold closely misses you.
The frilled lizard misses you.
As you read the scroll labelled MOWKOAGIFO, it crumbles to dust.
It is a scroll of brand weapon.
Your +0 rapier becomes incredibly heavy!
a - a +0 heavy rapier (weapon)
The hobgoblin completely misses you. The kobold barely misses you.
The frilled lizard completely misses you.
Okay, then.
As you read the scroll labelled ETIL GIHO, it crumbles to dust.
It is a scroll of identify.
g - a potion of heal wounds The hobgoblin misses you.
The kobold misses you. The frilled lizard barely misses you.
You feel much better. The hobgoblin hits you. The kobold barely misses you.
The frilled lizard barely misses you.
You puncture the frilled lizard!
The frilled lizard explodes!
The fiery explosion engulfs you!
Ouch! That really hurt!
The fiery explosion engulfs the kobold!!
The kobold explodes!
The fiery explosion engulfs the hobgoblin!
The fiery explosion engulfs you!!!
Ouch! That really hurt!
You die...

##.#.#....†##.......†
#......#####.....###
###.#### #.#.#....
#.# #.#.##### #.#
#.#.##### #.#
#........ #.#
##...#### #§##
##.....## #@§##
##.......##
##§§§####.........#
#§§.....'.........'
##....###.........#
#....# ##.......##
#....# ##.....##
#.#### ##...## #.#
##'## #.# #.#


There were no monsters in sight!

Vanquished Creatures
  A dart slug (D:1)
  3 ball pythons (D:1)
  2 bats (D:1)
  3 endoplasms (D:1)
  2 giant cockroaches (D:1)
  6 hobgoblins (D:1)
  2 kobolds (D:1)
  2 quokkas (D:1)
  2 frilled lizards (D:1)
23 creatures vanquished.

Notes
Turn   | Place    | Note
-------+----------+-------------------------------------------
     0 | D:1      | Moral the Kobold Gladiator began the quest for the Orb.
     0 | D:1      | Reached XP level 1. HP: 12/12 MP: 1/1
   161 | D:1      | Reached skill level 1 in Stealth
   295 | D:1      | Reached XP level 2. HP: 18/18 MP: 2/2
   612 | D:1      | Reached XP level 3. HP: 20/20 MP: 3/3
  1029 | D:1      | Killed by an exploding kobold... ignited by their inner
                  | flame

Illustrated notes

Levels and vault maps discovered:
D:1:      dpeg_arrival_another_circle, layout_loops_corners
D:2:      layout_rooms, hangedman_decor_points

Skill      XL: |  1  2  3 |
---------------+----------+-----
Stealth        | 1 2 |  2.1
Fighting       | |  2.5
Short Blades   | |  4.6
Throwing       | |  2.1
Dodging        | |  3.9

Action                     || total
---------------------------++-------
  Melee: Rapier            ||    40
    Use: Scroll            ||     4
         Potion            ||     1
   Stab: Sleeping          ||    13
 Armour: Leather armour    ||     9
  Dodge: Dodged            ||    36

Table legend: (Time is in decaauts)
 A = Elapsed time spent in this place.
 B = Non-inter-level travel time spent in this place.
 C = Inter-level travel time spent in this place.
 D = Time resting spent in this place.
 E = Time spent auto-exploring this place.
 F = Levels seen in this place.
 G = Mean time per level.
                   A        B        C        D        E       F      G
               +--------+--------+--------+--------+--------+-----+--------+
         Total |   1029 |   1029 |      0 |      0 |    827 |   2 |  514.5 |
       Dungeon |   1029 |   1029 |      0 |      0 |    827 |   2 |  514.5 |
               +--------+--------+--------+--------+--------+-----+--------+

Top non-repeatable levels by time:
     D:1: 1021 daAuts
     D:2: 8 daAuts
